 Dungeon Crawl Stone Soup version 0.30-a0-339-g89bb51ec76 (webtiles) character file.

Game seed: 16922338966656673489

6051 hikkokomori the Geomancer (level 10, -6/73 HPs)
             Began as a Demigod Air Elementalist on Nov 1, 2022.
             Mangled by an orc warrior
             ... wielding a +0 scimitar
              (12 damage)
             ... on level 9 of the Dungeon.
             The game lasted 00:20:12 (9716 turns).

hikkokomori the Geomancer (DgAE)                    Turns: 9716, Time: 00:20:12

Health: -6/73      AC:  7    Str:  9    XL:     10   Next: 31%
Magic:  7/26       EV: 16    Int: 29    God:
Gold:   477        SH:  5    Dex: 17    Spells: 2/24 levels left

rFire   . . .      SeeInvis .    L - +8 spear of Laer Fuyh {freeze, Will+ Dex+3}
rCold   . . .      Faith    .    (no shield)
rNeg    . . .      Spirit   .    O - +0 steam dragon scales
rPois   .          Reflect  +    (no helmet)
rElec   .          Harm     .    s - +0 cloak
rCorr   .          Rampage  .    (no gloves)
Will    ++...                    q - +0 pair of boots
Stlth   ++........               w - amulet of reflection
HPRegen 0.32/turn                h - +4 ring of evasion
MPRegen 0.20/turn                (no ring)

@: no status effects
A: high MP 1, forlorn, divine attributes
a: no special abilities


You were on level 9 of the Dungeon.
You visited 1 branch of the dungeon, and saw 9 of its levels.

You collected 477 gold pieces.

Inventory:

Hand Weapons
 c - a +0 club
 p - a +2 dagger of distortion
 t - a +0 falchion
 G - a +2 trident of protection
 J - a +1 falchion of holy wrath
 L - the +8 spear of Laer Fuyh (weapon) {freeze, Will+ Dex+3}
   (You found it on level 8 of the Dungeon)

   It freezes those it strikes, dealing additional cold damage.
   It can also slow down cold-blooded creatures.
   Dex:       It affects your dexterity (+3).
   Will:      It increases your willpower.
Missiles
 u - 2 throwing nets
Armour
 a - a +0 robe
 q - a +0 pair of boots (worn)
 s - a +0 cloak (worn)
 H - a +0 kite shield
 K - a +1 kite shield of poison resistance
 M - a +0 helmet
 O - +0 steam dragon scales (worn)
Jewellery
 h - a +4 ring of evasion (left hand)
 w - an amulet of reflection (around neck)
Wands
 x - a wand of mindburst (21)
 y - a wand of iceblast (5)
 E - a wand of digging (2)
Scrolls
 d - a scroll of torment {unknown}
 e - a scroll of immolation {unknown}
 f - 2 scrolls of poison {unknown}
 i - a scroll of enchant armour {unknown}
 j - 4 scrolls of noise {unknown}
 k - a scroll of blinking {unknown}
 m - 2 scrolls of enchant weapon {unknown}
 o - a scroll of brand weapon {unknown}
 r - a scroll of vulnerability {unknown}
 D - 3 scrolls of identify {unknown}
 F - 2 scrolls of teleportation {unknown}
 I - 4 scrolls of magic mapping {unknown}
Potions
 b - a potion of magic
 g - 2 potions of flight {unknown}
 l - a potion of heal wounds
 n - 2 potions of lignification {unknown}
 v - 2 potions of invisibility {unknown}
 z - 2 potions of attraction {unknown}
 A - a potion of degeneration {unknown}
 B - 2 potions of berserk rage {unknown}
 C - a potion of might {unknown}
 N - 2 potions of curing {unknown}
 P - a potion of cancellation {unknown}


   Skills:
 + Level 1.9 Fighting
 - Level 1.7 Dodging
 - Level 1.7 Stealth
 + Level 7.9 Spellcasting
 - Level 5.2 Conjurations
 + Level 6.3 Necromancy
 - Level 3.1 Air Magic
 + Level 8.2 Earth Magic


You had 2 spell levels left.
You knew the following spells:

 Your Spells              Type           Power      Damage    Failure   Level
a - Shock                 Conj/Air       100%       1d9       1%          1
b - Static Discharge      Conj/Air       70%        2-5/arc   1%          2
c - Sandblast             Erth           100%       2d20      1%          1
d - Stone Arrow           Conj/Erth      100%       3d13      1%          3
e - Passwall              Tmut/Erth      29%        N/A       1%          2
f - Borgnjor's Vile Clut  Necr/Erth      26%        N/A       6%          5
g - Lee's Rapid Deconstr  Erth           28%        3d15*     4%          5
h - Frozen Ramparts       Ice            22%        1d4       14%         3

Your spell library contained the following spells:

 Spells                   Type           Power      Damage    Failure   Level
 Kiss of Death            Conj/Necr      100%       2d13      1%          1
 Sublimation of Blood     Necr           48%        N/A       1%          2
 Scorch                   Fire           22%        2d6       7%          2
 Swiftness                Air            29%        N/A       3%          3
 Animate Dead             Necr           48%        N/A       3%          4
 Dispel Undead            Necr           48%        3d18      3%          4
 Kindle Blastsparks       Fire/Tloc/Air  34%        2d12      9%          3
 Animate Armour           Summ/Erth      70%        N/A       9%          4
 Leda's Liquefaction      Hex/Erth       17%        N/A       9%          4
 Petrify                  Tmut/Erth      35%        N/A       9%          4
 Airstrike                Air            14%        2d(3-19)  13%         4
 Confusing Touch          Hex            11%        N/A       14%         3
 Flame Wave               Conj/Fire      26%        2d8       16%         4
 Fulminant Prism          Conj/Hex       13%        3d9       16%         4
 Iskenderun's Mystic Bla  Conj/Tloc      26%        2d7       16%         4
 Irradiate                Conj/Tmut      13%        3d16      41%         5
 Ice Form                 Ice/Tmut       11%        N/A       43%         4
 Summon Ice Beast         Ice/Summ       11%        N/A       43%         4
 Death Channel            Necr           24%        N/A       45%         6
 Statue Form              Tmut/Erth      23%        N/A       78%         6
 Summon Cactus Giant      Summ           5%         N/A       100%        6
 Malign Gateway           Summ/Tloc      5%         N/A       100%        7
 Lehudib's Crystal Spear  Conj/Erth      25%        10d7      100%        8
 Summon Horrible Things   Summ           5%         N/A       100%        8


Dungeon Overview and Level Annotations

Branches:
Dungeon (9/15)             Temple (0/1) D:5            Lair (0/5) D:8
    Orc (0/2) D:9


Innate Abilities, Weirdness & Mutations

You have an increased reservoir of magic. (+10% MP)
You shall have no god before yourself.
Your divine heritage dramatically boosts your attributes as you level up.


Message History

The blast of rock fragments hits something!
The blast of rock fragments hits the two-headed ogre!
The two-headed ogre is severely wounded.
The two-headed ogre hits you with a +0 giant club!!
* * * LOW HITPOINT WARNING * * *
The two-headed ogre closely misses you. The orc warrior misses you.
Unknown command.
Unknown command.
Okay, then.
You feel much better.
Unknown command.
Casting: Lee's Rapid Deconstruction (dangerous; 4% risk of failure)
Confirm with . or Enter, or press ? or * to list all spells.
Aiming: Lee's Rapid Deconstruction (dangerous; 4% risk of failure)
Press: ? - help, Dir - move target A rock wall.
Okay, then.
Casting: Lee's Rapid Deconstruction (dangerous; 4% risk of failure)
Confirm with . or Enter, or press ? or * to list all spells.
Aiming: Borgnjor's Vile Clutch (dangerous; 6% risk of failure)
Press: ? - help, Shift-Dir - straight line, f - two-headed ogre
Aim: a two-headed ogre, wielding a +0 giant club and a +0 giant spiked club (severely wounded, 100% to hit)
Okay, then.
The orc warrior completely misses you.
The two-headed ogre attacks as you move away!
The two-headed ogre barely misses you. The two-headed ogre misses you.
Casting: Borgnjor's Vile Clutch (dangerous; 6% risk of failure)
Confirm with . or Enter, or press ? or * to list all spells.
Aiming: Borgnjor's Vile Clutch (dangerous; 6% risk of failure)
Press: ? - help, Shift-Dir - straight line, f - orc
Aim: an orc, wielding a +0 dagger (100% to hit)
Zombie hands grab the two-headed ogre.
Zombie hands grab the orc.
The zombie hands constrict the two-headed ogre.
The zombie hands constrict the orc!
You kill the orc!
The two-headed ogre hits you with a +0 giant club!!
* * * LOW HITPOINT WARNING * * *
The two-headed ogre barely misses you.
The orc warrior hits you with a +0 scimitar!
You die...

#)) ..#..###.... #..
#......#.... ###)##
#......).### #....##
####.......##
####).####...........#
#.........<....##.#...
#....)...##.#).#..#...
#...oO...##.)..#.#####
#....@......#)...# #..
#.......#.####...###.#
#.......#...#..#).....
#[........#...##......
#........#..#....##.##
#####.####.##.#####.##
..# #.#.. #.## #.##
....# #.## .# # #.#


You could see a two-headed ogre (clutched) and an orc warrior.

Vanquished Creatures
  A two-headed ogre (D:8)
  A troll (D:9)
  3 wyverns (D:8)
  A wraith (D:9)
  6 yaks (D:7)
  A basilisk (D:8)
  A steam dragon (D:9)
  5 water moccasins
  An orc warrior (D:9)
  3 black bears
  2 ogres
  2 wolves (D:8)
  4 kobold brigands
  4 bullfrogs
  A necrophage (D:8)
  2 gnoll sergeants
  2 scorpions
  13 killer bees
  A howler monkey (D:6)
  3 hounds
  4 jellies
  5 orc priests
  A gnoll bouda (D:8)
  4 iguanas
  4 orc wizards
  14 gnolls
  4 adders
  A shadow imp (D:5)
  2 white imps
  An ufetubus (D:5)
  2 worms (D:2)
  5 dart slugs
  24 orcs
  6 ball pythons
  13 endoplasms
  2 giant cockroaches
  10 goblins
  2 hobgoblins
  6 jackals
  25 kobolds
  3 quokkas
  A bat (D:2)
  A frilled lizard (D:2)
  4 rats
  2 rat zombies (D:6)
203 creatures vanquished.

Vanquished Creatures (others)
  3 fungi (D:8)
  19 plants (D:8)
22 creatures vanquished.

Grand Total: 225 creatures vanquished

Notes
Turn   | Place    | Note
-------+----------+-------------------------------------------
     0 | D:1      | hikkokomori the Demigod Air Elementalist began the quest
                  | for the Orb.
     0 | D:1      | Reached XP level 1. HP: 14/14 MP: 5/5
    64 | D:1      | Reached skill level 1 in Conjurations
    64 | D:1      | Reached XP level 2. HP: 8/20 MP: 0/7
  1362 | D:1      | Learned a level 2 spell: Static Discharge
  1364 | D:1      | Learned a level 1 spell: Sandblast
  1762 | D:2      | Reached XP level 3. HP: 24/26 MP: 1/9
  2458 | D:2      | Reached skill level 1 in Earth Magic
  3316 | D:3      | Reached XP level 4. HP: 33/33 MP: 7/10
  3518 | D:4      | Noticed a black bear
  3539 | D:4      | Killed a black bear
  3540 | D:4      | Reached skill level 2 in Earth Magic
  3540 | D:4      | Reached XP level 5. HP: 13/38 MP: 3/12
  3829 | D:4      | Learned a level 3 spell: Stone Arrow
  3832 | D:4      | Learned a level 2 spell: Passwall
  4590 | D:5      | Entered Level 5 of the Dungeon
  4990 | D:5      | Noticed an ogre
  4996 | D:5      | Killed an ogre
  4997 | D:5      | Reached XP level 6. HP: 45/45 MP: 3/14
  5125 | D:5      | Found a staircase to the Ecumenical Temple.
  5136 | D:5      | Reached skill level 3 in Earth Magic
  5358 | D:5      | Noticed a water moccasin
  5361 | D:5      | Killed a water moccasin
  5456 | D:5      | Reached XP level 7. HP: 50/50 MP: 13/16
  6149 | D:6      | Reached skill level 4 in Earth Magic
  6527 | D:6      | Reached skill level 5 in Conjurations
  6644 | D:6      | Reached skill level 5 in Spellcasting
  6644 | D:6      | Reached XP level 8. HP: 57/57 MP: 13/19
  7034 | D:6      | Learned a level 5 spell: Borgnjor's Vile Clutch
  7167 | D:7      | Reached skill level 5 in Earth Magic
  7280 | D:7      | Reached skill level 1 in Necromancy
  7298 | D:7      | Reached skill level 6 in Earth Magic
  7508 | D:7      | Reached XP level 9. HP: 34/62 MP: 1/22
  8308 | D:8      | Found a staircase to the Lair.
  8321 | D:8      | Reached skill level 5 in Necromancy
  8321 | D:8      | Reached skill level 7 in Earth Magic
  8570 | D:8      | Noticed a two-headed ogre
  8576 | D:8      | Killed a two-headed ogre
  8675 | D:8      | Reached XP level 10. HP: 69/69 MP: 22/25
  8884 | D:8      | Learned a level 5 spell: Lee's Rapid Deconstruction
  8888 | D:8      | Learned a level 3 spell: Frozen Ramparts
  8975 | D:8      | Identified the +8 spear of Laer Fuyh {freeze, Will+ Dex+3}
  9342 | D:9      | Reached skill level 1 in Fighting
  9342 | D:9      | Reached skill level 8 in Earth Magic
  9616 | D:9      | Found a staircase to the Orcish Mines.
  9700 | D:9      | Noticed a two-headed ogre
  9716 | D:9      | Mangled by an orc warrior

Illustrated notes

Levels and vault maps discovered:
D:1:      evilmike_arrival_home_sweet_home, layout_basic
D:2:      layout_basic
D:3:      layout_rooms
D:4:      layout_basic
D:5:      minmay_diamond_boxcup, layout_cave_pods,
          mainiacjoe_overflow_concentric_impassable, minmay_temple_entry_arrows
D:6:      layout_loops_ring, nicolae_overflow_crystal_walls,
          lemuel_zombie_altar_kikubaaqudgha, minivault_19,
          chequers_serial_rivers_micro_e
D:7:      layout_basic, lemuel_crystal_altar
D:8:      layout_loops_ring, minmay_lair_entry_grove
D:9:      layout_rooms, brannock_xom_greatest_gift, david_orc_2

Skill      XL: |  1  2  3  4  5  6  7  8  9 10 |
---------------+-------------------------------+-----
Spellcasting   | 2 3 4 5 6 7 |  7.9
Conjurations   | 1 2 3 4 5 |  5.2
Air Magic      | 3 |  3.1
Earth Magic    | 1 2 3 4 6 7 8 |  8.2
Necromancy     | 3 5 6 |  6.3
Fighting       | 1 |  1.9
Dodging        | |  1.7
Stealth        | |  1.7

Action                   |  1- 3 |  4- 6 |  7- 9 | 10-12 || total
-------------------------+-------+-------+-------+-------++-------
Melee: Unarmed           |    10 |       |       |       ||    10
       Club              |    11 |       |       |       ||    11
       Punch             |     1 |       |       |       ||     1
       Falchion          |       |    12 |     9 |       ||    21
       Trident           |       |       |     8 |    10 ||    18
       Spear             |       |       |       |    26 ||    26
 Cast: Shock             |   108 |    64 |    10 |       ||   182
       Sandblast         |     6 |    24 |   148 |    38 ||   216
       Static Discharge  |     1 |     4 |       |       ||     5
       Stone Arrow       |       |     6 |     4 |     4 ||    14
       Borgnjor's Vile C |       |       |     5 |     6 ||    11
       Lee's Rapid Decon |       |       |       |     3 ||     3
Evoke: Wand              |       |       |       |     1 ||     1
  Use: Potion            |       |       |       |     1 ||     1
 Stab: Sleeping          |       |       |     1 |       ||     1
       Distracted        |       |       |       |     1 ||     1
Armor: Robe              |     5 |    10 |     9 |     6 ||    30
       Steam dragon scal |       |       |       |     6 ||     6
Dodge: Dodged            |    24 |    62 |    86 |    52 ||   224
Block: Other             |       |     2 |    31 |    16 ||    49
       Reflection        |       |       |     1 |     1 ||     2

Table legend: (Time is in decaauts)
 A = Elapsed time spent in this place.
 B = Non-inter-level travel time spent in this place.
 C = Inter-level travel time spent in this place.
 D = Time resting spent in this place.
 E = Time spent auto-exploring this place.
 F = Levels seen in this place.
 G = Mean time per level.
                   A        B        C        D        E       F      G
               +--------+--------+--------+--------+--------+-----+--------+
         Total |   9840 |   9469 |    371 |    653 |   7491 |   9 | 1093.3 |
       Dungeon |   9840 |   9469 |    371 |    653 |   7491 |   9 | 1093.3 |
               +--------+--------+--------+--------+--------+-----+--------+

Top non-repeatable levels by time:
     D:1: 1516 daAuts
     D:5: 1347 daAuts
     D:2: 1327 daAuts
     D:4: 1327 daAuts
     D:7: 1152 daAuts
     D:8: 1062 daAuts
     D:6: 1060 daAuts
     D:3: 545 daAuts
     D:9: 499 daAuts
